Map: Abyssal Reef LE

Players

tgpimentel - Winner!

  • Race: Zerg Zerg
  • League: Platinum
  • Spawn Location: 5:00

rafapras

  • Race: Protoss Protoss
  • League: Diamond
  • Spawn Location: 11:00

VOD

Have the link to the VOD?

Description

Time

  • Played on: Dec. 2, 2017, 7:37 a.m.
  • Length: 9:07
Show
View Real Time Build Order
Export as new Build Order

tgpimentel Zerg - Winner!

Build Orders: Pool First 

Get SALT Encoding   

  12  0:02  Drone  
  13  0:09  Drone  
  14  0:17  Overlord  
  14  0:35  Spawning Pool  
  13  0:57  Drone x3  
  16  1:09  Drone, Extractor  
  16  1:30  Hatchery  
  16  1:32  Queen  
  15  1:34  Zergling x2  
  15  1:36  Zergling x2  
  19  1:45  Drone  
  20  2:02  Overlord  
  20  2:15  Drone x2  
  22  2:24  Overlord  
  22  2:35  Drone  
  23  2:45  Drone  
  23  2:48  Zergling x2  
  23  2:49  Zergling x4  
  27  2:52  Queen  
  27  2:54  Zergling x4  
  27  2:57  Metabolic Boost  
  31  3:14  Baneling Nest  
  31  3:17  Zergling x4  
  32  3:23  Zergling x4  
  32  3:26  Zergling x2  
  35  3:28  Zergling x2  
  35  3:31  Zergling x2  
  37  3:53  Zergling x2  
  37  3:54  Overlord  
  38  3:57  Zergling x6  
  38  3:58  Zergling x2  
  43  4:10  Zergling x4  
  43  4:13  Zergling x4  
  43  4:16  Zergling x8  
  50  4:21  Zergling x2  
  50  4:23  Zergling x2  
  51  4:48  Baneling x6  
  51  4:49  Baneling  
  45  5:35  Zergling x10  
  46  5:37  Zergling x10  
  46  5:38  Zergling x2  
  44  5:53  Zergling x2  
  35  6:42  Zergling x6  
  26  6:55  Spore Crawler  
  25  7:01  Spore Crawler  
  25  7:02  Spore Crawler  
  25  7:04  Lair  
  23  7:16  Zergling x4  
  23  7:17  Zergling x2  
  23  7:18  Zergling x6  
  27  7:42  Drone x3, Spore Crawler  
  27  7:43  Drone  
  30  7:44  Zergling x4  
  30  7:45  Zergling x4  
  34  7:54  Zergling x2  
  35  8:00  Zergling x2  
  35  8:01  Zergling x2  
  37  8:11  Baneling x5  
  37  8:12  Baneling x3  
  37  8:14  Zergling x8  
  37  8:16  Zergling x6  
  33  8:44  Zergling x8  
  31  9:03  Spire  
  31  9:05  Extractor  
Show
View Real Time Build Order
Export as new Build Order

rafapras Protoss 

Build Orders:  

Get SALT Encoding   

  12  0:01  Probe  
  13  0:13  Probe  
  14  0:21  Pylon  
  14  0:26  Probe  
  15  0:39  Probe (Chrono Boost)  
  16  0:49  Probe (Chrono Boost)  
  17  0:53  Probe  
  18  1:14  Forge  
  18  1:18  Gateway  
  18  1:26  Nexus  
  18  1:44  Gateway  
  18  1:48  Photon Cannon  
  18  1:49  Probe  
  19  1:57  Pylon  
  19  2:03  Assimilator  
  19  2:07  Assimilator  
  19  2:12  Zealot (Chrono Boost)  
  21  2:17  Probe  
  22  2:29  Probe  
  23  2:41  Probe (Chrono Boost)  
  25  2:45  Cybernetics Core  
  25  2:46  Probe (Chrono Boost)  
  25  2:53  Probe (Chrono Boost)  
  27  3:04  Probe (Chrono Boost)  
  29  3:07  Probe (Chrono Boost)  
  29  3:10  Probe x3 (Chrono Boost)  
  29  3:12  Pylon  
  31  3:19  Probe  
  32  3:21  Probe  
  32  3:24  Warp Gate (Chrono Boost)  
  35  3:27  Stalker, Adept  
  37  3:34  Stargate  
  37  3:39  Probe x2  
  39  3:51  Probe x2  
  41  4:03  Probe x2  
  43  4:15  Probe x2, Assimilator  
  45  4:17  Assimilator  
  45  4:18  Pylon  
  48  4:26  Oracle (Chrono Boost)  
  48  4:27  Probe x2  
  50  4:39  Probe x2  
  52  4:51  Probe x2  
  52  4:52  Gateway  
  57  4:55  Gateway  
  57  4:56  Oracle (Chrono Boost)  
  57  4:57  Gateway, Protoss Ground Weapons Level 1  
  57  4:59  Pylon  
  57  5:03  Probe  
  57  5:04  Probe  
  57  5:05  Forge  
  59  5:13  Robotics Facility  
  59  5:17  Probe  
  51  5:30  Zealot x2  
  48  5:43  Oracle (Chrono Boost)  
  35  5:50  Zealot x2  
  36  6:03  Zealot  
  20  6:17  Probe  
  11  6:54  Probe (Chrono Boost)  
  12  7:15  Probe (Chrono Boost)  
  13  7:26  Probe  
  14  7:39  Probe (Chrono Boost)  
  16  7:58  Probe (Chrono Boost)  
  17  8:08  Probe (Chrono Boost)  
  17  8:10  Sentry  
  19  8:15  Sentry  
  21  8:36  Probe  
  21  8:39  Stalker  
  24  8:46  Probe (Chrono Boost)  
  24  9:01  Probe (Chrono Boost)  
Tags
 
Add a new tag
Caveats
  • Supply blocks, unpowered buildings, or Contaminate may cause inaccurate times.
  • Supply counts are checked every 10 seconds.